 Dungeon Crawl Stone Soup version 0.24-a0-584-g9d6b971 (webtiles) character file.

Game seed: 16625653733056990758, levelgen mode: deterministic

118164 Firecrotchwizard the Severer (level 16, -18/155 HPs)
             Began as a Minotaur Gladiator on Aug 29, 2019.
             Was the Champion of Makhleb.
             Demolished by Polyphemus (40 damage)
             ... on level 3 of the Shoals on Aug 31, 2019.
             The game lasted 01:23:48 (25324 turns).

Firecrotchwizard the Severer (Minotaur Gladiator)  Turns: 25324, Time: 01:23:49

Health: -18/155    AC: 25    Str: 24    XL:     16   Next: 24%
Magic:  0/25       EV: 10    Int:  5    God:    Makhleb [******]
Gold:   2609       SH:  0    Dex: 11    Spells: 15/15 levels left

rFire    . . .     SeeInvis .   H - +2 battleaxe (freeze)
rCold    . . .     Gourm    .   (shield currently unavailable)
rNeg     . . .     Faith    .   b - +1 plate armour of Ywugabev {rPois Regen+ rCorr Dex-3} (curse)
rPois    +         Spirit   +   c - +2 hat
rElec    .         Reflect  .   U - scarf {Spirit}
rCorr    +         Harm     .   Z - +1 pair of gloves
MR       ++...                  (no boots)
Stlth    ..........             B - amulet of guardian spirit {Spirit}
HPRegen  0.75/turn              u - ring of protection from magic {MR+, !d}
MPRegen  0.19/turn              t - +4 ring of protection

@: no status effects
A: retaliatory headbutt, horns 2
a: Minor Destruction, Lesser Servant of Makhleb, Major Destruction, Greater
Servant of Makhleb, Renounce Religion


You were on level 3 of the Shoals.
You worshipped Makhleb.
Makhleb was exalted by your worship.
You were not hungry.

You visited 5 branches of the dungeon, and saw 27 of its levels.
You also visited: Ossuary.

You collected 2849 gold pieces.
You spent 240 gold pieces at shops.

Inventory:

Hand Weapons
 k - a +4 battleaxe of electrocution
   (You found it on level 4 of the Lair of Beasts)
 H - a +2 battleaxe of freezing (weapon)
   (You took it off a wight on level 10 of the Dungeon)
Missiles
 d - 5 throwing nets {=f, !d}
 D - 18 curare-tipped darts
 L - 87 poisoned darts
Armour
 b - the cursed +1 plate armour of Ywugabev (worn) {rPois Regen+ rCorr Dex-3}
   (You found it on level 4 of the Lair of Beasts)

   It affects your dexterity (-3).
   It protects you from poison.
   It increases your rate of regeneration.
   It provides partial protection from all sources of acid and corrosion.
   It has a curse placed upon it.
 c - a +2 hat (worn)
 U - a scarf of spirit shield (worn)
   (You found it on level 4 of the Lair of Beasts)
 Z - a +1 pair of gloves (worn)
   (You found it on level 13 of the Dungeon)
Jewellery
 g - an uncursed ring of resist corrosion
   (You found it on level 3 of the Dungeon)
 s - an uncursed ring of protection from magic {MR+, !d}
   (You found it on level 3 of the Lair of Beasts)
 t - a +4 ring of protection (right hand)
   (You found it on level 1 of the Lair of Beasts)
 u - a ring of protection from magic (left hand) {MR+, !d}
   (You found it on level 14 of the Dungeon)
 y - an uncursed ring of ice {rC+, rF-}
   (You found it on level 2 of the Shoals)
 B - an amulet of guardian spirit (around neck) {Spirit}
   (You found it on level 4 of the Dungeon)
 G - an uncursed ring of see invisible {sInv, !d}
   (You found it on level 5 of the Dungeon)
 K - an uncursed ring of protection from fire {rF+, !d}
   (You found it on level 2 of the Shoals)
 S - an uncursed ring of fire {rF+, rC-}
   (You found it on level 5 of the Lair of Beasts)
 V - an uncursed ring of fire {rF+, rC-}
   (You found it on level 5 of the Lair of Beasts)
Wands
 I - a wand of digging (4)
   (You took it off Eustachio on level 6 of the Dungeon)
 O - a wand of acid (9)
   (You found it on level 10 of the Dungeon)
 P - a wand of iceblast (19)
   (You found it on level 10 of the Dungeon)
Scrolls
 e - 4 scrolls of blinking {!r}
 i - 12 scrolls of remove curse
 j - 2 scrolls of amnesia
 n - 9 scrolls of teleportation
 o - 3 scrolls of fog
 w - 5 scrolls of magic mapping {!r}
 E - 3 scrolls of immolation {!r}
 F - 2 scrolls of fear
 N - 3 scrolls of identify
 X - a scroll of enchant weapon
Potions
 h - 5 potions of haste
 l - 10 potions of curing
 m - a potion of resistance
 p - 4 potions of might
 q - 4 potions of agility
 r - 2 potions of invisibility
 x - 2 potions of brilliance
 z - 7 potions of flight
 A - 7 potions of mutation {!q}
 J - 2 potions of berserk rage {!q}
 R - a potion of ambrosia
 T - 4 potions of cancellation
 Y - 3 potions of lignification {!q}
Miscellaneous
 a - a lightning rod (4/4)
   (You found it on level 14 of the Dungeon)
 Q - a box of beasts
Comestibles
 f - 29 rations


   Skills:
 + Level 17.2 Fighting
 - Level 20.0 Axes
 - Level 3.0 Throwing
 + Level 12.3 Armour
 - Level 7.8 Dodging
 + Level 13.3 Invocations


You had 15 spell levels left.
You didn't know any spells.
Your spell library contained the following spells:

 Spells                   Type           Power        Failure   Level  Hunger
 Beastly Appendage        Tmut           #.....       99%         1    ##.....
 Corona                   Hex            #......      99%         1    ##.....
 Freeze                   Ice            #...         99%         1    ##.....
 Ensorcelled Hibernation  Hex/Ice        #.....       100%        2    ###....
 Sticks to Snakes         Tmut           #.......     100%        2    ###....
 Throw Frost              Conj/Ice       #.....       100%        2    ###....
 Confuse                  Hex            #.......     100%        3    ####...
 Dazzling Spray           Conj/Hex       #.....       100%        3    ####...
 Ozocubu's Armour         Chrm/Ice       #.......     100%        3    ####...
 Spider Form              Tmut/Pois      #.........   100%        3    ####...
 Tukima's Dance           Hex            #.......     100%        3    ####...
 Ice Form                 Ice/Tmut       #.......     100%        4    #####..
 Summon Ice Beast         Ice/Summ       #.......     100%        4    #####..
 Throw Icicle             Conj/Ice       #.......     100%        4    #####..
 Blade Hands              Tmut           #.........   100%        5    ######.
 Bolt of Magma            Conj/Fire/Erth #.........   100%        5    ######.
 Iskenderun's Battlesphe  Conj/Chrm      #.......     100%        5    ######.
 Venom Bolt               Conj/Pois      #.........   100%        5    ######.
 Iron Shot                Conj/Erth      #.........   100%        6    #######
 Orb of Destruction       Conj           #.........   100%        7    #######
 Spellforged Servitor     Conj/Summ      #.........   100%        7    #######


Dungeon Overview and Level Annotations

Branches:
Dungeon (15/15)            Temple (1/1) D:5            Lair (6/6) D:11
 Shoals (3/4) Lair:3        Snake (0/4) Lair:4        Slime (0/5) Lair:6
    Orc (2/2) D:11            Elf (0/3) Orc:2        Vaults (0/5) D:14
Ossuary (visited)
 Depths: D:15

Altars:
Elyvilon
Fedhas
Makhleb
Nemelex Xobeh
Ru
Sif Muna
Trog
Vehumet
Wu Jian
Xom
Yredelemnul
The Shining One
Jiyva

Shops:
D:13 (   Orc:2 (***

Annotations:
Shoals:3 Polyphemus


Innate Abilities, Weirdness & Mutations

You reflexively headbutt those who attack you in melee.
You have a pair of horns on your head.


Message History

6 stones; a +0 spear; a +0 hunting sling You start resting.
Some of the chunks of flesh in your inventory have rotted away.
Eating one of 12 chunks of flesh {@w0}.
You eat one of the 12 chunks of flesh {@w0}.
Some of the chunks of flesh in your inventory have rotted away.
Health restored: 155; MP restored: 25
Items here: ( )))) 25 stones; a +0 spear; a +0 hunting sling; a +0 club; a +0 hunting sling
There is a stone staircase leading down here.
You climb downwards.
Level annotation: Polyphemus A merfolk avatar comes into view.
The merfolk avatar shouts!
There is a stone staircase leading up here.
The manticore flicks its tail.
The volley of spikes hits you!
The barbed spikes become lodged in your body.
The barbed spikes dig painfully into your body as you move.
You climb upwards.
There is a stone staircase leading down here.
You take 12 damage, and have 143/155 hp.
You now have 23/25 mp.
You start resting.
You carefully extract the barbed spikes from your body.
You regained 3 hp, and now have 146/155 hp.
You start resting.
Health restored: 155; MP restored: 25
Things that are here:
21 stones; a +0 spear; a +0 hunting sling You see here 4 stones.
You enter the shallow water.
Moving in this stuff is going to be slow.
You see here 19 stones.
You enter the shallow water.
Moving in this stuff is going to be slow.
All of the chunks of flesh in your inventory have rotted away.
There is a stone staircase leading down here.
You climb downwards.
Level annotation: Polyphemus
There is a stone staircase leading up here.
You enter the shallow water.
Moving in this stuff is going to be slow.
Polyphemus shouts, "Attack, my pets!
Attack!"
You hear a shout!
Polyphemus throws a large rock.
The large rock hits you.
Found a stone staircase leading down.
You see here a large rock {!d}.
You take 2 damage, and have 153/155 hp.
Polyphemus throws a large rock.
The large rock hits you!!!
You see here a large rock {!d}.
You take 33 damage, and have 120/155 hp.
MASSIVE DAMAGE!!
You now have 20/25 mp.
You enter the shallow water.
Moving in this stuff is going to be slow.
You see here 2 javelins.
A demon appears!
You take 9 damage, and have 115/155 hp.
Polyphemus throws a large rock.
The large rock hits you!!
You see here a large rock {!d}.
You take 28 damage, and have 90/155 hp.
You now have 17/25 mp.
Polyphemus hits you! Polyphemus closely misses you.
You see here a javelin.
You take 8 damage, and have 82/155 hp.
You now have 16/25 mp.
You slice Polyphemus!! You freeze Polyphemus. You headbutt Polyphemus!
Polyphemus drinks a potion.
Polyphemus goes berserk!
Your blizzard demon hits Polyphemus but does no damage. x2
Polyphemus barely misses your blizzard demon.
Polyphemus hits your blizzard demon!!
You hit Polyphemus. You freeze Polyphemus.
Your blizzard demon gestures at Polyphemus.
The bolt of lightning hits Polyphemus!!!
Polyphemus hits your blizzard demon! Polyphemus hits your blizzard demon!!
Your blizzard demon dies!
Unknown command.
Polyphemus shouts, "Attack, my pets!
Attack!"
You slash Polyphemus! You freeze Polyphemus.
You headbutt Polyphemus, but do no damage.
Polyphemus hits you but does no damage. Polyphemus hits you!
You take 9 damage, and have 75/155 hp.
You now have 15/25 mp.
You hit Polyphemus. You freeze Polyphemus. Polyphemus hits you!!!
* * * LOW HITPOINT WARNING * * *
Polyphemus hits you!!
* * * LOW HITPOINT WARNING * * *
You take 54 damage, and have 21/155 hp.
MASSIVE DAMAGE!!
You now have 4/25 mp.
You barely miss Polyphemus. You headbutt Polyphemus.
Polyphemus hits you but does no damage. x2
You hit Polyphemus. You freeze Polyphemus. Polyphemus hits you.
* * * LOW HITPOINT WARNING * * *
Polyphemus hits you but does no damage.
You now have 3/25 mp.
You hit Polyphemus but do no damage. Polyphemus closely misses you.
Polyphemus hits you but does no damage.
You slice Polyphemus!! You freeze Polyphemus! You headbutt Polyphemus!
Polyphemus hits you!!!
You die...

≈≈≈≈≈≈≈≈≈P≈P≈≈≈≈P≈≈≈
≈≈≈≈≈≈≈≈≈≈P≈≈P≈≈≈≈≈≈≈≈
.≈≈≈≈≈≈≈≈P≈≈≈≈≈≈≈≈≈≈≈≈
≈[≈≈.≈≈≈≈≈P≈≈≈≈≈≈≈≈≈≈≈
≈≈≈≈.≈≈≈≈≈)≈≈≈≈≈≈≈≈≈≈≈
..>.≈..)≈≈≈≈...≈≈≈≈≈≈≈≈≈
.##.....≈≈≈<.(..≈≈≈≈≈≈≈≈
.##.≈...≈≈≈≈..#..≈≈≈≈≈≈≈≈
...≈≈≈≈≈≈((≈≈##(@≈≈≈≈≈≈≈≈≈
....≈≈≈≈≈≈≈≈≈.#C≈≈≈≈≈≈≈≈≈≈#
.##...≈≈≈.≈≈[..≈≈≈≈(≈≈≈≈≈≈#
.###....≈...(≈..≈≈≈≈≈≈≈≈≈≈#
<# #...C≈≈≈≈((≈≈≈≈≈≈≈≈≈≈≈≈#
.....≈≈≈≈≈≈≈≈≈≈≈≈≈≈≈≈≈≈≈≈≈#
....≈≈≈≈≈≈≈≈≈≈≈≈.....≈≈≈≈≈#
.≈≈..≈≈≈≈≈≈≈≈≈≈≈.....≈≈≈≈≈#
..≈≈.≈≈≈≈≈≈≈≈^≈≈≈≈≈...≈≈≈≈#


You could see Polyphemus (berserk).

Vanquished Creatures
  Frances (Shoals:2)
  2 merfolk javelineers
  An ettin (Orc:2)
  2 merfolk impalers (Shoals:1)
  Josephine (Lair:6)
  Harold (D:10)
  4 hydras
  A merfolk avatar (Shoals:2)
  4 catoblepae
  2 ogre magi (Orc:2)
  11 two-headed ogres
  A centaur warrior (D:13)
  6 death yaks (Lair:5)
  An orc high priest (Orc:1)
  Sonja (Lair:4)
  2 unseen horrors
  8 sea snakes
  A sea snake (shapeshifter) (D:14)
  2 deep trolls (Orc:2)
  An orc knight (Orc:1)
  4 orc sorcerers
  14 harpies (Shoals:2)
  A deep elf mage (D:11)
  6 cyclopes
  6 manticores
  7 ugly things
  8 fauns
  3 elephants (Lair:5)
  2 merfolk sirens
  5 black mambas
  A water nymph (Shoals:3)
  A gargoyle (D:11)
  9 spiny frogs
  2 rime drakes
  8 komodo dragons
  2 ice devils (D:14)
  A yaktaur (Shoals:2)
  A polar bear (shapeshifter) (D:14)
  7 polar bears (Lair:6)
  10 merfolk
  7 trolls
  A meliai (shapeshifter) (D:14)
  3 wind drakes (Shoals:1)
  3 meliai (D:13)
  4 slime creatures (D:12)
  Prince Ribbit (D:7)
  7 hornets (Lair:6)
  6 snapping turtles
  18 dream sheep
  13 blink frogs
  8 hippogriffs
  2 shadows (D:13)
  82 yaks
  14 spriggans
  A vampire (D:14)
  5 wyverns
  4 water elementals
  6 wraiths
  2 hungry ghosts
  12 vampire mosquitoes
  8 basilisks
  Eustachio (D:6)
  4 wargs
  An acid dragon (D:13)
  12 water moccasins
  4 porcupines
  16 orc warriors
  4 ice beasts
  A sky beast (D:10)
  3 phantoms
  2 black bears
  2 necrophages
  An eye of draining (D:13)
  3 boggarts (Lair:6)
  21 ogres
  11 centaurs
  27 wolves
  6 crocodiles
  4 big kobolds
  18 bullfrogs
  4 scorpions
  10 wights
  3 bullfrog zombies
  7 crimson imps
  2 quasits
  2 bullfrog skeletons
  A centaur zombie (Ossuary)
  8 hounds
  5 jellies
  14 orc wizards
  2 gnoll shamans
  2 human zombies (Ossuary)
  11 orc priests
  7 centaur skeletons
  7 hell rats (Lair:5)
  4 iguanas
  Natasha (D:3)
  11 worker ants
  A big kobold zombie (Ossuary)
  2 hound zombies
  A hound skeleton (D:6)
  2 mummies (Ossuary)
  A worker ant zombie (D:10)
  18 adders
  16 gnolls
  2 shadow imps
  An ooze (D:3)
  An adder zombie (Ossuary)
  5 adder skeletons
  4 worms
  5 dart slugs
  9 leopard geckos
  46 orcs
  4 giant cockroaches
  4 goblins
  6 hobgoblins
  20 jackals
  27 kobolds
  3 quokkas
  2 ball pythons (Lair:4)
  12 bats
  9 frilled lizards
  A goblin zombie (Ossuary)
  12 hobgoblin zombies (Ossuary)
  A jackal zombie (Ossuary)
  8 kobold zombies (Ossuary)
  A leopard gecko zombie (D:5)
  8 orc zombies (Ossuary)
  A quokka zombie (D:7)
  5 rats
  2 rat zombies (Ossuary)
  2 fungi
  6 plants
848 creatures vanquished.

Vanquished Creatures (collateral kills)
  An ettin (Orc:2)
  2 hydras (Lair:3)
  A merfolk aquamancer (Shoals:1)
  2 two-headed ogres
  A death yak (Lair:4)
  An ugly thing (D:10)
  A faun (Shoals:1)
  A merfolk siren (Shoals:1)
  A troll (Orc:2)
  A merfolk (Shoals:1)
  A snapping turtle (Shoals:1)
  2 yaks (Lair:4)
  2 water elementals (Shoals:1)
  An ogre (Orc:2)
  An orc (Orc:2)
  2 plants (Lair:4)
21 creatures vanquished.

Vanquished Creatures (others)
  A yak (Lair:4)
  A bush (Shoals:2)
  4 fungi
  32 plants
  16 tentacles (Shoals:1)
54 creatures vanquished.

Grand Total: 923 creatures vanquished

Notes
Turn   | Place    | Note
-------+----------+-------------------------------------------
     0 | D:1      | Firecrotchwizard the Minotaur Gladiator began the quest for
                  | the Orb.
     0 | D:1      | Reached XP level 1. HP: 18/18 MP: 0/0
   246 | D:1      | Reached skill level 4 in Axes
   246 | D:1      | Reached XP level 2. HP: 25/25 MP: 1/1
   292 | D:1      | Reached skill level 1 in Armour
   300 | D:1      | Reached XP level 3. HP: 21/30 MP: 2/2
   766 | D:1      | Reached skill level 3 in Fighting
  1038 | D:2      | Found a sacrificial altar of Ru.
  1274 | D:1      | Reached XP level 4. HP: 14/38 MP: 3/3
  1488 | D:2      | Reached skill level 2 in Armour
  1718 | D:2      | Reached skill level 5 in Axes
  2253 | D:3      | Reached XP level 5. HP: 44/45 MP: 4/4
  2321 | D:3      | Reached skill level 3 in Throwing
  2460 | D:3      | Noticed Natasha
  2470 | D:3      | Killed Natasha
  2629 | D:4      | Noticed an ice beast
  2646 | D:4      | Killed an ice beast
  2646 | D:4      | Reached skill level 4 in Fighting
  2646 | D:4      | Reached skill level 6 in Axes
  2646 | D:4      | Reached skill level 3 in Armour
  2646 | D:4      | Reached XP level 6. HP: 37/52 MP: 3/5
  2885 | D:4      | Reached skill level 4 in Dodging
  3148 | D:4      | Reached XP level 7. HP: 60/60 MP: 6/6
  3445 | D:5      | Entered Level 5 of the Dungeon
  3549 | D:5      | Reached skill level 7 in Axes
  3549 | D:5      | Reached skill level 4 in Armour
  3682 | D:5      | Found a staircase to the Ecumenical Temple.
  3709 | Temple   | Entered the Ecumenical Temple
  3719 | Temple   | Became a worshipper of Makhleb the Destroyer
  3800 | D:5      | Reached skill level 5 in Fighting
  4541 | D:6      | Found a shimmering blue altar of Sif Muna.
  4577 | D:6      | Reached XP level 8. HP: 63/69 MP: 7/7
  4630 | D:6      | Noticed Eustachio
  4648 | D:6      | Killed Eustachio
  4648 | D:6      | Reached skill level 8 in Axes
  4648 | D:6      | Reached skill level 5 in Dodging
  4699 | D:6      | Reached skill level 5 in Armour
  4768 | D:6      | Reached * piety under Makhleb
  4848 | D:6      | Reached skill level 6 in Fighting
  5241 | D:7      | Reached skill level 9 in Axes
  5263 | D:7      | Found a sand-covered staircase.
  5268 | Ossuary  | Entered an ossuary
  5364 | Ossuary  | Reached ** piety under Makhleb
  5519 | D:7      | Noticed a cyclops
  5545 | D:7      | Killed a cyclops
  5545 | D:7      | Reached skill level 6 in Armour
  5545 | D:7      | Reached skill level 6 in Dodging
  5545 | D:7      | Reached XP level 9. HP: 37/78 MP: 3/8
  5844 | D:7      | Noticed Prince Ribbit
  5844 | D:7      | Identified the +1 dagger of a Labyrinth {pierce, +Rage}
  5874 | D:7      | HP: 14/78 [orc priest/divine providence (14)]
  5878 | D:7      | Reached skill level 10 in Axes
  5879 | D:7      | HP: 15/78 [Prince Ribbit (1)]
  5881 | D:7      | Killed Prince Ribbit
  5881 | D:7      | Reached skill level 7 in Fighting
  6403 | D:7      | Reached skill level 7 in Armour
  6532 | D:8      | Reached *** piety under Makhleb
  6534 | D:8      | Reached skill level 7 in Dodging
  6580 | D:8      | Reached skill level 11 in Axes
  6716 | D:8      | Reached skill level 8 in Fighting
  6810 | D:8      | Reached XP level 10. HP: 88/88 MP: 9/9
  7074 | D:9      | Found a bloodstained altar of Trog.
  7076 | D:9      | Noticed a two-headed ogre
  7084 | D:9      | Killed a two-headed ogre
  7084 | D:9      | Reached skill level 8 in Armour
  7100 | D:9      | Found an ornate altar of the Wu Jian Council.
  7343 | D:9      | Reached skill level 12 in Axes
  7682 | D:10     | Entered Level 10 of the Dungeon
  7704 | D:10     | Reached skill level 1 in Invocations
  7717 | D:10     | Reached **** piety under Makhleb
  7776 | D:10     | Reached skill level 9 in Fighting
  7793 | D:10     | Reached skill level 2 in Invocations
  7916 | D:10     | Noticed a two-headed ogre
  7925 | D:10     | Killed a two-headed ogre
  7925 | D:10     | Reached skill level 13 in Axes
  7925 | D:10     | Reached skill level 3 in Invocations
  8208 | D:10     | Noticed an unseen horror
  8214 | D:10     | Killed an unseen horror
  8214 | D:10     | Reached XP level 11. HP: 97/99 MP: 12/12
  8321 | D:10     | Noticed a two-headed ogre
  8329 | D:10     | Killed a two-headed ogre
  8537 | D:10     | Noticed Harold
  8552 | D:10     | Killed Harold
  8552 | D:10     | Reached skill level 10 in Fighting
  8552 | D:10     | Reached skill level 4 in Invocations
  8769 | D:11     | Noticed a white ugly thing
  8789 | D:10     | HP: 21/99 [white ugly thing (7)]
  8789 | D:10     | HP: 1/99 [white ugly thing (20)]
  8791 | D:10     | Killed a white ugly thing
  9420 | D:11     | Reached skill level 14 in Axes
  9581 | D:11     | Found a staircase to the Orcish Mines.
  9859 | D:11     | Found a staircase to the Lair.
 10052 | D:11     | Reached skill level 5 in Invocations
 10146 | D:11     | Noticed a deep elf mage
 10151 | D:11     | Killed a deep elf mage
 10160 | D:11     | Found a blossoming altar of Fedhas.
 10401 | D:11     | Reached ***** piety under Makhleb
 10589 | Lair:1   | Entered Level 1 of the Lair of Beasts
 10866 | Lair:1   | Reached skill level 11 in Fighting
 10878 | Lair:1   | Reached skill level 15 in Axes
 10891 | Lair:1   | Reached skill level 6 in Invocations
 10895 | Lair:1   | Reached XP level 12. HP: 110/110 MP: 12/15
 11246 | Lair:1   | Noticed a seven-headed hydra
 11257 | Lair:1   | HP: 24/110 [eight-headed hydra (4)]
 11258 | Lair:1   | Killed an eight-headed hydra
 12192 | Lair:2   | Reached skill level 7 in Invocations
 12193 | Lair:2   | Reached skill level 16 in Axes
 13149 | Lair:3   | Reached skill level 12 in Fighting
 13544 | Lair:3   | Found a staircase to the Shoals.
 13605 | Lair:3   | Noticed a five-headed hydra
 13611 | Lair:3   | Killed a five-headed hydra
 13824 | Lair:3   | Noticed a six-headed hydra
 13830 | Lair:3   | Killed a six-headed hydra
 14301 | Lair:4   | Found a staircase to the Snake Pit.
 14314 | Lair:4   | Reached skill level 8 in Invocations
 14409 | Lair:4   | Noticed a death yak
 14409 | Lair:4   | Noticed a catoblepas
 14464 | Lair:4   | Killed a death yak
 14464 | Lair:4   | Reached skill level 17 in Axes
 14465 | Lair:4   | Reached XP level 13. HP: 110/119 MP: 18/18
 14530 | Lair:4   | Noticed Sonja
 14534 | Lair:4   | Killed Sonja
 14751 | Lair:4   | Got a smoking plate armour
 14762 | Lair:4   | Identified the cursed +1 plate armour of Ywugabev {rPois
                  | Regen+ rCorr Dex-3} (You found it on level 4 of the Lair of
                  | Beasts)
 15259 | Lair:5   | Reached skill level 13 in Fighting
 15504 | Lair:5   | Reached skill level 9 in Invocations
 15694 | Lair:5   | Found a shimmering blue altar of Sif Muna.
 16117 | Lair:6   | Entered Level 6 of the Lair of Beasts
 16123 | Lair:5   | Reached skill level 18 in Axes
 16282 | Lair:6   | Noticed Josephine
 16289 | Lair:6   | Killed Josephine
 16322 | Lair:6   | Reached ****** piety under Makhleb
 16512 | Lair:6   | Reached XP level 14. HP: 130/130 MP: 15/20
 16542 | Lair:6   | HP: 26/130 [spriggan rider/+0 spear (10)]
 16545 | Lair:6   | Reached skill level 14 in Fighting
 16640 | Lair:6   | Reached skill level 10 in Invocations
 16797 | Lair:6   | Reached skill level 19 in Axes
 16993 | Lair:6   | Found a staircase to the Slime Pits.
 16993 | Lair:6   | Found a viscous altar of Jiyva.
 18546 | D:13     | Found a portal to a secret trove of treasure.
 18773 | D:13     | Found Vats's Antique Weapon Shop.
 19009 | D:13     | Reached skill level 20 in Axes
 19247 | D:14     | Reached skill level 11 in Invocations
 19285 | D:14     | Reached skill level 15 in Fighting
 19355 | D:14     | Found a frozen archway.
 19460 | D:14     | You fall into a shaft and drop 1 floor!
 19460 | D:15     | Entered Level 15 of the Dungeon
 19859 | D:14     | Reached XP level 15. HP: 141/141 MP: 20/22
 19902 | D:14     | Found a gate to the Vaults.
 20394 | Orc:1    | Entered Level 1 of the Orcish Mines
 20398 | Orc:1    | Reached skill level 9 in Armour
 20850 | Orc:2    | Entered Level 2 of the Orcish Mines
 21294 | Orc:2    | Found Teuptorch's Antique Weapon Shoppe.
 21358 | Orc:2    | Reached skill level 10 in Armour
 21363 | Orc:2    | Reached skill level 12 in Invocations
 21536 | Orc:2    | Reached skill level 16 in Fighting
 21559 | Orc:2    | Found Tighyaj's General Store.
 21567 | Orc:2    | Found Mucufa's General Store.
 21576 | Orc:2    | Found Teech's General Store.
 21585 | Orc:2    | Bought a potion of haste for 150 gold pieces
 21585 | Orc:2    | Bought a potion of curing for 45 gold pieces
 21585 | Orc:2    | Bought a throwing net for 45 gold pieces
 21605 | Orc:2    | Found a staircase to the Elven Halls.
 21931 | Shoals:1 | Entered Level 1 of the Shoals
 22202 | Shoals:1 | Reached skill level 11 in Armour
 22229 | Shoals:1 | Upgraded the game from 0.24-a0-583-g87330a4 to
                  | 0.24-a0-584-g9d6b971
 23315 | Shoals:1 | Noticed a kraken
 24034 | Shoals:2 | Reached XP level 16. HP: 125/154 MP: 16/24
 24043 | Shoals:2 | Reached skill level 13 in Invocations
 24309 | Shoals:2 | Reached skill level 12 in Armour
 24378 | Shoals:2 | Reached skill level 17 in Fighting
 24539 | Shoals:2 | Noticed Frances
 24546 | Shoals:2 | Killed Frances
 25087 | Shoals:3 | Noticed Polyphemus
 25320 | Shoals:3 | HP: 21/155 [Polyphemus (21)]
 25324 | Shoals:3 | Demolished by Polyphemus

Levels and vault maps discovered:
D:1:      lemuel_arrival_tunnels, layout_basic, minmay_hexomino_c4
D:2:      layout_basic, minivault_14, nicolae_ru_awakened_eye
D:3:      layout_rooms, first_ration, minmay_pentangle, uniq_natasha
D:4:      wad_pebble_path, layout_basic, minmay_crossroads
D:5:      layout_cave_pods, temple_doors_e
D:6:      layout_basic, lemuel_doored_altar, uniq_eustachio
D:7:      layout_basic, enter_ossuary_2, uniq_prince_ribbit1
D:8:      layout_rooms
D:9:      layout_irregular_city, lemuel_crystal_altar, basic_altar
D:10:     layout_loops_ring, the_bakery, uniq_harold
D:11:     layout_irregular_city, lair_entry_dummy, david_orc_4, fedhas_altar_1
D:12:     layout_layer_cave
D:13:     layout_irregular_city, enter_trove_3, serial_shops,
          nicolae_shop_trees, st_stairs_10
D:14:     layout_loops_ring, david_vaults_2, portal_ice_cave_demonic_guard,
          serial_glass, glass_columns_b, glass_columns_c, glass_columns_b,
          glass_columns_a, nicolae_sextant
D:15:     grunt_enter_depths_snipers, layout_gridville,
          minmay_misc_feat_hallway, minmay_misc_feat_five
Temple:   regret_index_temple_chain_breaker
Lair:1:   layout_long_grid, grunt_megastairs_1
Lair:2:   layout_cave_pods, infiniplex_staircase_pool
Lair:3:   layout_regular_city, minmay_shoals_entry_centaurs
Lair:4:   layout_misc_corridors, minmay_snake_entry_six_corridors,
          grunt_forest_small_clearings, nicolae_lair_yak_garden, uniq_sonja
Lair:5:   layout_small_grid, basic_altar
Lair:6:   minmay_lair_end_enchanted_forest, layout_gridlike, slime_altar_1,
          grunt_megastairs_5, uniq_josephine
Shoals:1: layout_shoals
Shoals:2: layout_shoals, yaktaur_hedge, uniq_frances
Shoals:3: layout_shoals, uniq_polyphemus
Orc:1:    layout_caves
Orc:2:    st_orc_open, layout_diamond_mine

Skill      XL: |  1  2  3  4  5  6  7  8  9 10 11 12 13 14 15 16 |
---------------+-------------------------------------------------+-----
Axes           | 4 5 6 7 9 11 13 15 17 18 20 | 20.0
Armour         | 1 2 3 4 6 7 8 11 12 | 12.3
Fighting       | 3 4 5 6 8 9 11 12 13 15 16 17 | 17.2
Throwing       | 3 |  3.0
Dodging        | 4 6 7 |  7.8
Invocations    | 3 6 8 9 11 12 13 | 13.3

Action                   |  1- 3 |  4- 6 |  7- 9 | 10-12 | 13-15 | 16-18 || total
-------------------------+-------+-------+-------+-------+-------+-------++-------
Melee: War axe           |    75 |   131 |   361 |   210 |       |       ||   777
       Headbutt          |    12 |    27 |    79 |   103 |   171 |    28 ||   420
       Battleaxe         |       |       |       |   326 |   978 |   118 ||  1422
Throw: Boomerang         |       |    23 |       |       |   172 |       ||   195
       Dart              |       |       |       |     1 |       |       ||     1
Invok: Minor Destruction |       |       |       |    16 |    28 |       ||    44
       Lesser Servant of |       |       |       |    10 |     7 |       ||    17
       Major Destruction |       |       |       |     2 |    34 |       ||    36
       Greater Servant o |       |       |       |       |     2 |     3 ||     5
Evoke: Wand              |       |     4 |       |     9 |     9 |     1 ||    23
  Use: Scroll            |       |     1 |    15 |    14 |     6 |     1 ||    37
       Potion            |       |       |     2 |       |       |       ||     2
 Stab: Paralysed         |       |       |       |     3 |       |       ||     3
       Petrified         |       |       |       |       |     4 |       ||     4
       Distracted        |       |       |       |       |     5 |       ||     5
  Eat: Chunk             |     1 |     6 |     9 |    19 |    25 |     4 ||    64
       Ration            |       |       |     1 |     2 |     2 |       ||     5
Armor: Leather armour    |    10 |       |       |       |       |       ||    10
       Chain mail        |    64 |       |       |       |       |       ||    64
       Plate armour      |       |    71 |   184 |   268 |   574 |   119 ||  1216
Dodge: Dodged            |    50 |    58 |   162 |   278 |   464 |    89 ||  1101

Table legend:
 A = Non-vault XP
 B = Vault XP
 C = Vault XP percentage of total XP
 D = Non-vault monster count
 E = Vault monster count
 F = Vault count percentage of total count
                 A         B        C        D         E       F
            +---------+---------+-------+---------+---------+-------
      Total |  119572 |   49235 |  29.2 |     642 |     218 |  25.3
            +---------+---------+-------+---------+---------+-------
        D:1 |      64 |      15 |  19.0 |      29 |       8 |  21.6
        D:2 |     120 |       0 |   0.0 |      25 |       0 |   0.0
        D:3 |      54 |      48 |  47.1 |      14 |       6 |  30.0
        D:4 |     357 |     132 |  27.0 |      15 |       1 |   6.2
        D:5 |     533 |       0 |   0.0 |      20 |       0 |   0.0
        D:6 |     575 |     185 |  24.3 |      20 |       1 |   4.8
        D:7 |    1725 |     255 |  12.9 |      28 |       1 |   3.4
        D:8 |    1738 |       0 |   0.0 |      25 |       0 |   0.0
        D:9 |    1661 |       0 |   0.0 |      11 |       0 |   0.0
       D:10 |    5522 |    1217 |  18.1 |      36 |       2 |   5.3
       D:11 |    3898 |     730 |  15.8 |      42 |      16 |  27.6
       D:12 |    7208 |       0 |   0.0 |      42 |       0 |   0.0
       D:13 |    8639 |    1379 |  13.8 |      30 |       4 |  11.8
       D:14 |    5741 |    2081 |  26.6 |      25 |       5 |  16.7
       D:15 |     995 |       0 |   0.0 |       2 |       0 |   0.0
     Lair:1 |    6182 |     490 |   7.3 |      23 |       2 |   8.0
     Lair:2 |    3584 |       0 |   0.0 |      17 |       0 |   0.0
     Lair:3 |    5164 |     222 |   4.1 |      20 |       2 |   9.1
     Lair:4 |    4514 |    4966 |  52.4 |      21 |      20 |  48.8
     Lair:5 |    6629 |    5629 |  45.9 |      31 |       8 |  20.5
     Lair:6 |    7978 |   14312 |  64.2 |      29 |      63 |  68.5
   Shoals:1 |   17603 |       0 |   0.0 |      41 |       0 |   0.0
   Shoals:2 |   17511 |    1962 |  10.1 |      35 |       2 |   5.4
   Shoals:3 |    4163 |     919 |  18.1 |      10 |       1 |   9.1
      Orc:1 |    4564 |       0 |   0.0 |      32 |       0 |   0.0
      Orc:2 |    2850 |   14468 |  83.5 |      19 |      37 |  66.1
    Ossuary |       0 |     225 | 100.0 |       0 |      39 | 100.0
            +---------+---------+-------+---------+---------+-------

Levels and vault maps discovered:
D:1:      lemuel_arrival_tunnels, layout_basic, minmay_hexomino_c4
D:2:      layout_basic, minivault_14, nicolae_ru_awakened_eye
D:3:      layout_rooms, first_ration, minmay_pentangle, uniq_natasha
D:4:      wad_pebble_path, layout_basic, minmay_crossroads
D:5:      layout_cave_pods, temple_doors_e
D:6:      layout_basic, lemuel_doored_altar, uniq_eustachio
D:7:      layout_basic, enter_ossuary_2, uniq_prince_ribbit1
D:8:      layout_rooms
D:9:      layout_irregular_city, lemuel_crystal_altar, basic_altar
D:10:     layout_loops_ring, the_bakery, uniq_harold
D:11:     layout_irregular_city, lair_entry_dummy, david_orc_4, fedhas_altar_1
D:12:     layout_layer_cave
D:13:     layout_irregular_city, enter_trove_3, serial_shops,
          nicolae_shop_trees, st_stairs_10
D:14:     layout_loops_ring, david_vaults_2, portal_ice_cave_demonic_guard,
          serial_glass, glass_columns_b, glass_columns_c, glass_columns_b,
          glass_columns_a, nicolae_sextant
D:15:     grunt_enter_depths_snipers, layout_gridville,
          minmay_misc_feat_hallway, minmay_misc_feat_five
Temple:   regret_index_temple_chain_breaker
Lair:1:   layout_long_grid, grunt_megastairs_1
Lair:2:   layout_cave_pods, infiniplex_staircase_pool
Lair:3:   layout_regular_city, minmay_shoals_entry_centaurs
Lair:4:   layout_misc_corridors, minmay_snake_entry_six_corridors,
          grunt_forest_small_clearings, nicolae_lair_yak_garden, uniq_sonja
Lair:5:   layout_small_grid, basic_altar
Lair:6:   minmay_lair_end_enchanted_forest, layout_gridlike, slime_altar_1,
          grunt_megastairs_5, uniq_josephine
Shoals:1: layout_shoals
Shoals:2: layout_shoals, yaktaur_hedge, uniq_frances
Shoals:3: layout_shoals, uniq_polyphemus
Orc:1:    layout_caves
Orc:2:    st_orc_open, layout_diamond_mine

Table legend:
 A = Turns spent in this place as a percentage of turns spent in the entire game.
 B = Non-inter-level travel turns spent in this place as a percentage of non-inter-level travel turns spent in the entire game.
 C = Inter-level travel turns spent in this place as a percentage of turns spent in this place.
 D = Turns resting spent in this place as a percentage of non-inter-level travel turns spent in this place.
 E = Turns spent auto-exploring this place as a percentage of non-inter-level travel turns spent in this place.
 F = Non-inter-level travel turns spent in this place divided by the number of levels of this place that you've seen.
                   A       B       C       D       E      F
               +-------+-------+-------+-------+-------+----------------------
         Total | 100.0 | 100.0 |   5.9 |  24.9 |  53.0 | 851.0
       Dungeon |  52.1 |  52.4 |   5.4 |  23.7 |  55.8 | 832.1
        Temple |   0.1 |   0.1 |  31.8 |   0.0 |  13.3 |  15.0
          Lair |  29.2 |  28.7 |   7.7 |  24.7 |  55.9 | 1139.0
        Shoals |  12.1 |  12.2 |   5.1 |  36.2 |  32.6 | 970.3
  Orcish Mines |   5.6 |   5.7 |   3.4 |  16.5 |  59.0 | 679.5
       Ossuary |   0.9 |   1.0 |   0.0 |   0.0 |  39.3 | 229.0
               +-------+-------+-------+-------+-------+----------------------

Table legend:
 A = Kills in this place as a percentage of kills in entire the game.
 B = Kills by you in this place as a percentage of kills by you in the entire game.
 C = Kills by friends in this place as a percentage of kills by friends in the entire game.
 D = Other kills in this place as a percentage of other kills in the entire game.
 E = Experience gained in this place as a percentage of experience gained in the entire game.
 F = Experience gained in this place divided by the number of levels of this place that you have seen.
                   A       B       C       D       E      F
               +-------+-------+-------+-------+-------+----------------------
         Total | 100.0 | 100.0 | 100.0 | 100.0 | 100.0 | 6028.8
       Dungeon |  47.4 |  48.3 |  10.5 |   0.0 |  26.6 | 2991.5
          Lair |  27.4 |  27.4 |  26.3 | 100.0 |  35.3 | 9945.0
        Shoals |  10.3 |   9.8 |  36.8 |   0.0 |  25.0 | 14052.7
  Orcish Mines |  10.2 |   9.9 |  26.3 |   0.0 |  13.0 | 10941.0
       Ossuary |   4.5 |   4.6 |   0.0 |   0.0 |   0.1 | 225.0
               +-------+-------+-------+-------+-------+----------------------
